 Dungeon Crawl Stone Soup version 0.25-a0-731-g0472a16d6a (webtiles) character file.

Game seed: 532514919517513797, levelgen mode: deterministic

162 Hastur the Ducker (level 5, -4/42 HPs)
             Began as a Human Gladiator on Apr 8, 2020.
             Slain by Crazy Yiuf
             ... wielding a +3 quarterstaff of chaos
              (16 damage)
             ... while paralysed by Crazy Yiuf
             ... on level 3 of the Dungeon.
             The game lasted 00:05:27 (3154 turns).

Hastur the Ducker (Human Gladiator)                 Turns: 3154, Time: 00:05:27

Health: -4/42      AC:  6    Str: 15    XL:     5   Next: 71%
Magic:  3/5        EV:  2    Int:  8    God:
Gold:   196        SH:  0    Dex: 15    Spells: 4/4 levels left

rFire    + . .     SeeInvis .   m - +0 dagger (venom)
rCold    + . .     Gourm    .   (no shield)
rNeg     . . .     Faith    .   k - +0 ring mail
rPois    .         Spirit   .   c - +0 helmet
rElec    .         Reflect  .   x - scarf {rC+ rF+}
rCorr    .         Harm     .   (no gloves)
MR       .....                  (no boots)
Stlth    +.........             (no amulet)
HPRegen  0.14/turn              (no ring)
MPRegen  0.09/turn              (no ring)

@: paralysed, hasted
A: no striking features
a: no special abilities


You were on level 3 of the Dungeon.
You were not hungry.

You visited 1 branch of the dungeon, and saw 3 of its levels.

You collected 196 gold pieces.

Inventory:

Hand Weapons
 a - a +0 long sword
 m - a +0 dagger of venom (weapon)
Missiles
 d - a throwing net (quivered)
 p - 40 bolts
 r - 53 stones
 s - 11 poisoned darts
Armour
 b - a +0 leather armour
 c - a +0 helmet (worn)
 j - a scarf of cloud immunity
 k - a +0 ring mail (worn)
 o - a +0 ring mail of cold resistance
 x - a scarf of resistance (worn)
 y - a +0 scale mail
 A - a +0 chain mail
Jewellery
 i - an uncursed amulet of guardian spirit {unknown}
 l - a +2 ring of dexterity {unknown}
 t - an uncursed ring of magical power {unknown}
Scrolls
 e - 4 scrolls of remove curse {unknown}
 h - 2 scrolls of enchant weapon {unknown}
 u - a scroll of identify {unknown}
 v - 2 scrolls of immolation {unknown}
 w - a scroll of enchant armour {unknown}
Potions
 g - a potion of lignification {unknown}
 n - a potion of heal wounds {unknown}
 q - a potion of ambrosia {unknown}
 z - a potion of curing {unknown}
 C - a potion of magic {unknown}
Comestibles
 f - 2 rations


   Skills:
 + Level 4.1 Fighting
 - Level 3.0 Long Blades
 - Level 2.0 Throwing
 + Level 4.6 Dodging


You had 4 spell levels left.
You didn't know any spells.
Your spell library was empty.

Dungeon Overview and Level Annotations

Branches:
Dungeon (3/15)

Altars:

Annotations:
D:3 1 runed translucent door, Crazy Yiuf; Masnef's ghost, amateur OgWz


Message History

Press: ? - help, v - describe, . - travel
Here: Crazy Yiuf, wielding a +3 quarterstaff of chaos and wearing a +0 cloak (fire blocked by a runed translucent door)
The floor.
You open the door. You closely miss Crazy Yiuf.
Crazy Yiuf hits you with a +3 quarterstaff of chaos.
You feel yourself speed up.
You barely miss Crazy Yiuf.
Crazy Yiuf hits you with a +3 quarterstaff of chaos.
You suddenly lose the ability to move!
Crazy Yiuf says, "Ghoul!
Gum water Orb Guardian."
Crazy Yiuf hits you with a +3 quarterstaff of chaos!
Crazy Yiuf hits you with a +3 quarterstaff of chaos.
You feel your power leaking away.
Crazy Yiuf hits you with a +3 quarterstaff of chaos!
Crazy Yiuf freezes you.
* * * LOW HITPOINT WARNING * * *
Crazy Yiuf says, "Aardvark!
Seed down noodlescoop."
Crazy Yiuf hits you but does no damage.
You are electrocuted!
You die...

######## #......#
######## #
#.###### ###
###.#....## ###.#
#...##..#......##
....#
#...g@####.P....#
....# #)..###
##.....#
....###### ###
####..#
.........# #.##
....#.#### #.#
...##.# ### #.#
#.###.##### #.#
#.# #.# #.....#
#.# #.# #.#
#####.# #.# #)#


You could see Crazy Yiuf.

Vanquished Creatures
  A gnoll (D:1)
  6 adders
  An ooze (D:3)
  5 worms
  3 dart slugs
  2 leopard geckos (D:3)
  5 orcs (D:3)
  3 ball pythons (D:2)
  4 goblins
  7 hobgoblins
  3 jackals (D:1)
  A quokka (D:3)
  5 bats
  11 frilled lizards
  9 kobolds
  7 rats
73 creatures vanquished.

Notes
Turn   | Place    | Note
-------+----------+-------------------------------------------
     0 | D:1      | Hastur the Human Gladiator began the quest for the Orb.
     0 | D:1      | Reached XP level 1. HP: 16/16 MP: 1/1
    56 | D:1      | Reached XP level 2. HP: 21/23 MP: 2/2
   454 | D:1      | Reached XP level 3. HP: 20/28 MP: 3/3
  1230 | D:2      | Reached XP level 4. HP: 33/35 MP: 4/4
  2108 | D:2      | Reached XP level 5. HP: 36/41 MP: 5/5
  2411 | D:3      | Found a runed translucent door.
  2412 | D:3      | Noticed Masnef's ghost (amateur OgWz)
  3008 | D:3      | Found a runed translucent door.
  3009 | D:3      | Noticed Crazy Yiuf
  3149 | D:3      | Paralysed by Crazy Yiuf for 7 turns
  3154 | D:3      | Slain by Crazy Yiuf

Levels and vault maps discovered:
D:1:      dpeg_arrival_boxes_within_box, layout_basic
D:2:      layout_rooms, minmay_lizard_pond
D:3:      layout_loops_ring, ebering_ghost_reflecting_pool,
          uniq_crazy_yiuf_cottage

Skill      XL: |  1  2  3  4  5 |
---------------+----------------+-----
Fighting       | 3 4 |  4.1
Dodging        | 4 |  4.6
Long Blades    | |  3.0
Throwing       | |  2.0

Action                   |  1- 3 |  4- 6 || total
-------------------------+-------+-------++-------
Melee: Long sword        |    73 |    16 ||    89
       Dagger            |       |   171 ||   171
Throw: Throwing net      |     1 |     1 ||     2
  Eat: Chunk             |     1 |     6 ||     7
Armor: Leather armour    |    14 |       ||    14
       Ring mail         |     7 |    58 ||    65
Dodge: Dodged            |    58 |   123 ||   181
       Rpst.: Long sword |    18 |     7 ||    25

Table legend:
 A = Non-vault XP
 B = Vault XP
 C = Vault XP percentage of total XP
 D = Non-vault monster count
 E = Vault monster count
 F = Vault count percentage of total count
                 A         B        C        D         E       F
            +---------+---------+-------+---------+---------+-------
      Total |     224 |       8 |   3.4 |      65 |       8 |  11.0
            +---------+---------+-------+---------+---------+-------
        D:1 |      57 |       0 |   0.0 |      18 |       0 |   0.0
        D:2 |      83 |       8 |   8.8 |      22 |       8 |  26.7
        D:3 |      84 |       0 |   0.0 |      25 |       0 |   0.0
            +---------+---------+-------+---------+---------+-------
